 Dungeon Crawl Stone Soup version 0.24.0-13-gcf9b3192b9 (console) character file.

Game seed: 7083844928174828090, levelgen mode: deterministic

739 AlterAsc the Skirmisher (level 7, -7/72 HPs)
             Began as an Ogre Transmuter on Nov 5, 2019.
             Mangled by a wight
             ... wielding a +4 trident
              (13 damage)
             ... on level 6 of the Dungeon.
             The game lasted 00:17:35 (5708 turns).

AlterAsc the Skirmisher (Ogre Transmuter)           Turns: 5708, Time: 00:17:35

Health: -7/72      AC:  4    Str: 17    XL:     7   Next: 75%
Magic:  8/12       EV:  9    Int: 14    God:
Gold:   232        SH:  0    Dex:  9    Spells: 3/13 levels left

rFire    . . .     SeeInvis +     - Unarmed
rCold    . . .     Gourm    .   (no shield)
rNeg     . . .     Faith    .   b - +0 robe
rPois    .         Spirit   .   x - +0 hat
rElec    .         Reflect  .   u - +0 cloak
rCorr    +         Harm     .   (gloves unavailable)
MR       .....                  (boots unavailable)
Stlth    +.........             (no amulet)
HPRegen  0.22/turn              q - ring of see invisible
MPRegen  0.13/turn              y - ring of resist corrosion

@: lethally poisoned (-7 -> -8), very slightly contaminated, drained
A: large, unfitting armour, tough skin 1
a: no special abilities


You were on level 6 of the Dungeon.
You were not hungry.

You visited 1 branch of the dungeon, and saw 6 of its levels.

You collected 232 gold pieces.

Inventory:

Hand Weapons
 v - a +2 mace of crushing
Missiles
 a - 47 arrows
 o - 8 javelins (quivered)
Armour
 b - a +0 robe (worn)
 n - a +0 pair of boots of running
 u - a +0 cloak (worn)
 x - a +0 hat (worn)
Jewellery
 q - a ring of see invisible (left hand)
 y - a ring of resist corrosion (right hand)
Scrolls
 f - 3 scrolls of remove curse {unknown}
 g - a scroll of magic mapping {unknown}
 h - 2 scrolls of immolation {unknown}
 i - 6 scrolls of identify {unknown}
 l - 3 scrolls of enchant weapon {unknown}
 m - 5 scrolls of teleportation {unknown}
 p - a scroll of enchant armour {unknown}
 r - a scroll of fear {unknown}
 w - a scroll of noise {unknown}
 z - a scroll of fog {unknown}
 A - a scroll of random uselessness {unknown}
Potions
 c - 4 potions of curing
 e - a potion of lignification {unknown}
 j - 3 potions of agility
 k - 2 potions of might {unknown}
 s - a potion of degeneration {unknown}
 t - a potion of mutation {unknown}
Comestibles
 d - 12 rations


   Skills:
 - Level 5.0(4.1) Fighting
 - Level 1.8(1.0) Dodging
 - Level 5.0(4.1) Unarmed Combat
 - Level 3.6(2.8) Spellcasting
 * Level 4.3(3.5) Transmutations
 - Level 2.0(1.2) Ice Magic


You had 3 spell levels left.
You knew the following spells:

 Your Spells              Type           Power        Failure   Level  Hunger
a - Beastly Appendage     Tmut           ##....       4%          1    #......
b - Sticks to Snakes      Tmut           ##......     8%          2    ###....
c - Ice Form              Ice/Tmut       #.......     63%         4    #####..
d - Spider Form           Tmut/Pois      #.........   32%         3    ###....

Your spell library contained the following spells:

 Spells                   Type           Power        Failure   Level  Hunger
 Blade Hands              Tmut           ##........   80%         5    ######.


Dungeon Overview and Level Annotations

Branches:
Dungeon (6/15)
 Temple: D:4-7

Altars:
Ashenzari
Fedhas
Nemelex Xobeh
Yredelemnul

Portals:
Sewer: D:6


Innate Abilities, Weirdness & Mutations

You are too large for most types of armour.
You have tough skin. (AC +1)


Message History

The wight is moderately damaged.
You hit the wight.
The wight is heavily damaged.
You feel sick. The wight hits you with a +4 trident!
* * * LOW HITPOINT WARNING * * *
You feel drained.
* * * LOW HITPOINT WARNING * * *
You barely miss the wight.
The wight is heavily damaged.
The wight misses you.
You barely miss the wight.
The wight is heavily damaged.
The wight closely misses you.
You hit the wight.
The wight is almost destroyed.
Your transformation has ended.
Your +0 cloak unmelds from your body.
Your +0 hat unmelds from your body.
Your +0 robe unmelds from your body.
You feel sick. The wight hits you with a +4 trident!
You die...

#######.........
#...............
###........#######
#..........# #..
#.########## #..
#.# #.. #.# #..
#.# #.. #@# #..
#z....... #..
#........ ###
#...≈≈≈..
#..≈≈≈≈≈.
#..≈≈∩≈≈.
#..≈≈≈≈≈. #
....≈≈≈..


You could see a wight.

Vanquished Creatures
  Grinder (D:6)
  A bullfrog (D:5)
  Blork the orc (D:5)
  A scorpion (D:5)
  A wight (D:6)
  Crazy Yiuf (D:2)
  An orc priest (D:5)
  A jelly (D:6)
  2 iguanas
  A hound skeleton (D:2)
  8 adders
  2 oozes
  4 worms
  3 dart slugs
  3 leopard geckos
  6 orcs (D:5)
  5 giant cockroaches
  6 goblins
  10 hobgoblins
  2 jackals (D:4)
  9 kobolds
  3 quokkas (D:4)
  6 ball pythons
  5 bats
  4 frilled lizards
  11 rats
98 creatures vanquished.

Notes
Turn   | Place    | Note
-------+----------+-------------------------------------------
     0 | D:1      | AlterAsc the Ogre Transmuter began the quest for the Orb.
     0 | D:1      | Reached XP level 1. HP: 19/19 MP: 3/3
   154 | D:1      | Reached XP level 2. HP: 26/28 MP: 3/5
   708 | D:1      | Reached XP level 3. HP: 24/36 MP: 6/6
  1422 | D:2      | Found a runed translucent door.
  1423 | D:2      | Noticed Crazy Yiuf
  1555 | D:2      | Reached XP level 4. HP: 15/45 MP: 7/7
  2006 | D:2      | Found a blossoming altar of Fedhas.
  2866 | D:2      | Killed Crazy Yiuf
  2866 | D:2      | Reached XP level 5. HP: 11/54 MP: 2/8
  3483 | D:4      | Found a basalt altar of Yredelemnul.
  3608 | D:4      | Found a shattered altar of Ashenzari.
  4116 | D:5      | Entered Level 5 of the Dungeon
  4318 | D:5      | Reached XP level 6. HP: 57/63 MP: 10/10
  4385 | D:5      | Noticed Blork the orc
  4392 | D:5      | Killed Blork the orc
  4706 | D:5      | Reached skill level 5 in Fighting
  4706 | D:5      | Reached skill level 5 in Unarmed Combat
  4928 | D:5      | Reached XP level 7. HP: 25/72 MP: 12/12
  5144 | D:5      | Learned a level 2 spell: Sticks to Snakes
  5192 | D:5      | Learned a level 4 spell: Ice Form
  5216 | D:5      | Found a sparkling altar of Nemelex Xobeh.
  5482 | D:6      | Noticed Grinder
  5493 | D:5      | Learned a level 3 spell: Spider Form
  5508 | D:6      | Paralysed by Grinder for 3 turns
  5517 | D:6      | Killed Grinder
  5517 | D:6      | Reached skill level 1 in Ice Magic
  5667 | D:6      | Found a glowing drain.
  5708 | D:6      | Mangled by a wight

Levels and vault maps discovered:
D:1:      giann_wishing_wells, layout_basic
D:2:      layout_loops_cross, fedhas_altar_3, uniq_crazy_yiuf_cottage
D:3:      layout_rooms, first_ration
D:4:      layout_gridville, yredelemnul_altar_generic, minivault_5,
          kennysheep_small_spiral, nicolae_ashenzari_panopticon
D:5:      layout_cave_pools, nicolae_overflow_crystal_walls, uniq_blork_the_orc
D:6:      layout_basic, overflow_temple_1_default, portal_sewer_entry_a,
          uniq_grinder

Skill      XL: |  1  2  3  4  5  6  7 |
---------------+----------------------+-----
Transmutations | 2 3 4 |  4.3
Fighting       | 2 3 4 5 |  5.0
Unarmed Combat | 3 4 5 |  5.0
Spellcasting   | 3 |  3.6
Ice Magic      | 2 |  2.0
Dodging        | |  1.8

Action                   |  1- 3 |  4- 6 |  7- 9 || total
-------------------------+-------+-------+-------++-------
Melee: Unarmed           |   172 |   207 |    40 ||   419
       Kick              |     9 |    16 |       ||    25
       Headbutt          |     3 |     7 |       ||    10
       Punch             |       |     2 |       ||     2
 Cast: Beastly Appendage |    19 |    33 |     1 ||    53
       Spider Form       |       |       |     3 ||     3
  Use: Potion            |     2 |     3 |       ||     5
 Stab: Sleeping          |       |     1 |       ||     1
  Eat: Chunk             |     2 |     8 |     1 ||    11
       Ration            |       |     1 |     1 ||     2
Armor: Robe              |    54 |    28 |     1 ||    83
       Skin              |       |       |     1 ||     1
Dodge: Dodged            |    84 |    93 |    20 ||   197
